 Dungeon Crawl Stone Soup version 0.19-a0-342-g99000e6 (webtiles) character file.

224 Keemossi the Insei (level 6, -2/41 HPs)
             Began as an Octopode Transmuter on May 29, 2016.
             Killed from afar by UristMcMason's ghost (18 damage)
             ... with a flame tongue
             ... on level 3 of the Dungeon.
             The game lasted 00:10:14 (4464 turns).

Keemossi the Insei (Octopode Transmuter)            Turns: 4464, Time: 00:10:16

Health: -2/41      AC:  1    Str:  9    XL:     6   Next: 0%
Magic:  2/9        EV: 13    Int: 16    God:
Gold:   80         SH:  0    Dex: 14    Spells: 3 memorised, 3 levels left

rFire  . . .     SeeInvis .       - Unarmed
rCold  . . .     Gourm    .     (no shield)
rNeg   . . .     Faith    .     (helmet restricted)
rPois  .         Spirit   .     (no amulet)
rElec  .         Dismiss  .     (no ring)
rCorr  .         Reflect  .     (no ring)
SustAt .         Harm     .     (no ring)
MR     .....                    (no ring)
Stlth  +++.......               (no ring)
                                (no ring)
                                (no ring)
                                (no ring)

@: not resistant to hostile enchantments, fairly stealthy
A: almost no armour, amphibious, 8 rings, constrict 8, camouflage 1, gelatinous
body 1
a: no special abilities


You were on level 3 of the Dungeon.
You were hungry.

You visited 1 branch of the dungeon, and saw 3 of its levels.

You collected 80 gold pieces.

Inventory:

Missiles
 a - 55 arrows
 h - 135 stones (quivered)
Jewellery
 s - an uncursed ring of positive energy {unknown}
Scrolls
 e - a scroll of magic mapping {unknown}
 j - a scroll of enchant weapon {unknown}
 l - 2 scrolls of identify {unknown}
 n - a scroll of random uselessness {unknown}
 p - a scroll of teleportation {unknown}
 r - a scroll of blinking {unknown}
 t - a scroll of remove curse {unknown}
 u - 4 scrolls of recharging {unknown}
Potions
 d - a potion of mutation {unknown}
 f - a potion of heal wounds {unknown}
 g - a potion of beneficial mutation {unknown}
 m - a potion of curing {unknown}
 o - a potion of lignification {unknown}
 q - a potion of haste {unknown}
 v - a potion of brilliance {unknown}
Books
 b - a book of Changes

   Spells                             Type                      Level
   a - Beastly Appendage              Transmutation                1
   b - Sticks to Snakes               Transmutation                2
   c - Spider Form                    Transmutation/Poison         3
   d - Ice Form                       Ice/Transmutation            4
   e - Blade Hands                    Transmutation                5
Comestibles
 c - 2 bread rations
 i - a slice of pizza
 k - a meat ration


   Skills:
 + Level 2.5 Fighting
 + Level 2.7 Dodging
 + Level 2.7 Stealth
 * Level 4.6 Unarmed Combat
 - Level 2.0 Spellcasting
 + Level 3.0 Transmutations


You had 3 spell levels left.
You knew the following spells:

 Your Spells              Type           Power        Failure   Level  Hunger
a - Beastly Appendage     Tmut           ##....       8%          1    #......
b - Sticks to Snakes      Tmut           ##......     10%         2    ###....
c - Spider Form           Tmut/Pois      #.........   34%         3    ###....


Dungeon Overview and Level Annotations

Branches:
Dungeon (3/15)

Altars:
Xom

Annotations:
D:3 UristMcMason's ghost, amateur HuFE


Innate Abilities, Weirdness & Mutations

You cannot wear most types of armour.
You are amphibious.
You can wear up to eight rings at the same time.
You can use your tentacles to constrict eight enemies at once.
Your skin changes colour to match your surroundings (Stealth+).
Your rubbery body absorbs attacks. (AC +1)


Message History

UristMcMason's ghost hits your ball python.
Your ball python dies!
Your ball python closely misses UristMcMason's ghost.
UristMcMason's ghost turns its malevolent gaze towards you.
You completely miss UristMcMason's ghost.
Your squeeze misses UristMcMason's ghost.
UristMcMason's ghost is almost destroyed.
Your ball python bites UristMcMason's ghost.
Your adder bites UristMcMason's ghost.
UristMcMason's ghost gestures at your ball python while chanting.
The flame tongue hits your ball python.
Your ball python dies!
Your ball python bites UristMcMason's ghost.
You closely miss UristMcMason's ghost.
UristMcMason's ghost is almost destroyed.
Your adder bites UristMcMason's ghost but does no damage.
Your ball python bites UristMcMason's ghost but does no damage.
UristMcMason's ghost gestures at you while chanting.
The flame tongue hits you!
You die...

####.#### #....#.# #.##.
#.# #......# #.... #.#
##...##########..## #.#
#.................
#.########.....###.#.......
#.#....................#.#.
#......................#...
#....................#...
########@S...##..#.......
#SW.........#.....
#...####.###....## #...#
#.# #.##.# ....#.# #.#
#.##.# ####...# ... #...##
#...# ... .. ##### #...#
...##


You could see UristMcMason's ghost, a friendly adder and a friendly ball python.

Vanquished Creatures
  Robin (D:3)
  4 gnolls (D:3)
  7 adders
  2 oozes
  A worm (D:2)
  2 dart slugs
  4 giant geckos (D:2)
  2 orcs (D:3)
  6 bats
  3 giant cockroaches
  12 goblins
  9 hobgoblins
  15 kobolds
  7 quokkas
  3 giant newts
  7 rats
85 creatures vanquished.

Notes
Turn   | Place    | Note
--------------------------------------------------------------
     0 | D:1      | Keemossi the Octopode Transmuter began the quest for the Orb.
     0 | D:1      | Reached XP level 1. HP: 13/13 MP: 3/3
   150 | D:1      | Reached XP level 2. HP: 15/18 MP: 5/5
   505 | D:1      | Learned a level 2 spell: Sticks to Snakes
   816 | D:1      | Reached XP level 3. HP: 18/23 MP: 6/6
  1061 | D:1      | Reached skill level 1 in Stealth
  2075 | D:2      | Reached XP level 4. HP: 20/29 MP: 7/7
  2173 | D:2      | Reached skill level 4 in Unarmed Combat
  2427 | D:2      | Found a shimmering altar of Xom.
  2796 | D:3      | Noticed UristMcMason's ghost (amateur HuFE)
  2810 | D:3      | Reached XP level 5. HP: 25/34 MP: 6/8
  3360 | D:3      | Noticed Robin
  3379 | D:3      | Killed Robin
  4095 | D:3      | Learned a level 3 spell: Spider Form
  4211 | D:2      | Reached XP level 6. HP: 24/41 MP: 9/9
  4464 | D:3      | Killed from afar by UristMcMason's ghost

Vault maps used:
D:1:      dpeg_arrival_concentric_ovals, serial_bayou_pond_d
D:2:      kennysheep_nub, xom_teletrap_fun
D:3:      minmay_goblin_kobold_castle, gammafunk_temple_overflow_wave,
          first_bread, uniq_crazy_yiuf_cottage, uniq_robin

Skill      XL: |  1  2  3  4  5 |
---------------+----------------+-----
Stealth        | 1 2 |  2.7
Unarmed Combat | 4 |  4.6
Fighting       | 2 |  2.5
Transmutations | 3 |  3.0
Dodging        | |  2.7
Spellcasting   | |  2.0

Action                   |  1- 3 |  4- 6 || total
-------------------------+-------+-------++-------
Melee: Unarmed           |    81 |   143 ||   224
       Constrict         |    19 |    34 ||    53
       Tentacles         |    10 |    23 ||    33
       Punch             |     3 |     4 ||     7
       Kick              |     5 |    19 ||    24
Throw: Stone             |     9 |     4 ||    13
 Cast: Beastly Appendage |     8 |     9 ||    17
       Sticks to Snakes  |     1 |     4 ||     5
 Stab: Sleeping          |     7 |     1 ||     8
  Eat: Chunk             |     4 |     7 ||    11
Armor: Skin              |     6 |    11 ||    17
Dodge: Dodged            |    32 |    92 ||   124
